 Dungeon Crawl Stone Soup version 0.21-a0-274-gc1afaeb (webtiles) character file.

1133 oxiclean the Twirler (level 8, -3/52 HPs)
             Began as a Gargoyle Gladiator on Sept 18, 2017.
             Slain by an ogre
             ... wielding a +0 giant club
              (10 damage)
             ... on level 4 of the Dungeon.
             The game lasted 00:20:06 (3658 turns).

oxiclean the Twirler (Gargoyle Gladiator)           Turns: 3658, Time: 00:20:07

Health: -3/52      AC: 12    Str: 16 (18) XL:     8   Next: 36%
Magic:  12/12      EV: 14    Int:  8 (9)  God:
Gold:   105        SH:  0    Dex: 10 (13) Spells: 13/13 levels left

rFire    + . .     SeeInvis .   a - +0 quarterstaff
rCold    . . .     Gourm    .   (shield currently unavailable)
rNeg     + . .     Faith    .   b - +0 leather armour
rPois    ∞         Spirit   .   c - +0 helmet
rElec    +         Reflect  .   u - +0 cloak
rCorr    .         Harm     .   r - +0 pair of gloves
MR       .....                  (no boots)
Stlth    ++........             (no amulet)
HPRegen  0.17/turn              s - ring of protection from fire
MPRegen  0.13/turn              (no ring)

@: no status effects
A: negative energy resistance 1, electricity resistance, unbreathing,
petrification resistance, rot immunity, AC +5
a: no special abilities


You were on level 4 of the Dungeon.
You were not hungry.

You visited 1 branch of the dungeon, and saw 4 of its levels.

You collected 105 gold pieces.

Inventory:

Hand Weapons
 a - a +0 quarterstaff (weapon)
 v - a +0 bardiche
Missiles
 d - 2 throwing nets
 o - 18 bolts (quivered)
Armour
 b - a +0 leather armour (worn)
 c - a +0 helmet (worn)
 r - a +0 pair of gloves (worn)
 u - a +0 cloak (worn)
Jewellery
 s - a ring of protection from fire (left hand)
Scrolls
 h - a scroll of immolation
 k - 4 scrolls of identify
 m - a scroll of recharging {unknown}
 n - 2 scrolls of remove curse {unknown}
 p - a scroll of fear {unknown}
 q - a scroll of fog {unknown}
 t - 2 scrolls of magic mapping {unknown}
Potions
 e - 2 potions of lignification
 i - a potion of invisibility
Comestibles
 f - 2 bread rations
 z - 4 chunks of flesh


   Skills:
 + Level 6.7 Fighting
 + Level 3.1(5.2) Polearms
 + Level 7.1(7.5) Staves
 + Level 3.7 Throwing
 + Level 5.0 Armour
 + Level 5.6 Dodging
 + Level 4.6 Stealth
 + Level 3.4 Unarmed Combat
 + Level 3.0 Spellcasting


You had 13 spell levels left.
You didn't know any spells.

Dungeon Overview and Level Annotations

Branches:
Dungeon (4/15)
 Temple: D:4-7

Altars:
Lugonu

Portals:
Abyss: D:1


Innate Abilities, Weirdness & Mutations

You are resistant to torment.
Your stone body is resilient. (AC +5)
You are immune to poison.
You resist negative energy. (rN+)
You are resistant to electric shocks. (rElec)
You can survive without breathing.
You are immune to petrification.
You are immune to rotting.


Message History

Things that are here:
a hand axe; a gnoll corpse You hit the gnoll but do no damage.
The gnoll barely misses you. x2
An adder comes into view.
The adder hisses angrily.
You hit the gnoll.
The gnoll is lightly wounded.
The gnoll barely misses you. The gnoll hits you but does no damage.
You hit the gnoll.
The gnoll is moderately wounded.
The gnoll barely misses you.
The crimson imp blinks!
The gnoll misses you. The gnoll barely misses you.
You sock the gnoll!
You kill the gnoll!
The gnoll barely misses you. The gnoll barely misses you.
The ogre closely misses you.
You sock the ogre!
The ogre is moderately wounded.
The gnoll closely misses you. The ogre hits you with a giant club!
You die...

###### .... #######.####
#..........#
#........#.####
#........#.@O.#
#.........###g#
#...........#....#
#.......[...#........
#.###.......<...#........
#.......†...##..#........
#...............#........
#.....#....#....###......
.......#.#####.#.# ......


You could see an ogre and a gnoll.

Vanquished Creatures
  Sigmund (D:4)
  The ghost of cerealjynx the Ducker, an amateur SpFi (D:3)
  A phantom (D:4)
  An ogre (D:4)
  A scorpion (D:4)
  A howler monkey (D:4)
  A centaur skeleton (D:4)
  A worker ant (D:4)
  6 adders
  2 gnolls (D:4)
  2 worms (D:2)
  4 dart slugs (D:2)
  3 leopard geckos
  9 bats
  6 giant cockroaches
  8 goblins
  8 hobgoblins
  5 jackals
  A ball python (D:1)
  10 frilled lizards
  9 kobolds
  A leopard gecko skeleton (D:4)
  6 rats
88 creatures vanquished.

Notes
Turn   | Place    | Note
-------+----------+-------------------------------------------
     0 | D:1      | oxiclean the Gargoyle Gladiator began the quest for the Orb.
     0 | D:1      | Reached XP level 1. HP: 12/12 MP: 1/1
   194 | D:1      | Found a corrupted altar of Lugonu.
   194 | D:1      | Found a one-way gate to the infinite horrors of the Abyss.
   194 | D:1      | Noticed a demonic crawler
   194 | D:1      | Noticed a quasit
   194 | D:1      | Noticed a quasit
   194 | D:1      | Noticed a quasit
   194 | D:1      | Noticed an iron imp
   195 | D:1      | Noticed a quasit
   198 | D:1      | Reached XP level 2. HP: 18/18 MP: 2/2
   504 | D:1      | Reached XP level 3. HP: 20/22 MP: 3/3
  1354 | D:2      | Reached XP level 4. HP: 15/27 MP: 4/4
  1431 | D:2      | Found a faded altar of an unknown god.
  1536 | D:2      | Reached skill level 4 in Staves
  1810 | D:2      | Reached XP level 5. HP: 31/31 MP: 5/5
  2805 | D:3      | Noticed cerealjynx's ghost (amateur SpFi)
  2837 | D:3      | Killed cerealjynx's ghost
  2837 | D:3      | Reached skill level 5 in Staves
  2837 | D:3      | Reached skill level 1 in Armour
  2837 | D:3      | Reached XP level 6. HP: 23/37 MP: 6/6
  3478 | D:4      | Reached skill level 1 in Stealth
  3511 | D:4      | Noticed Sigmund
  3514 | D:4      | Reached skill level 6 in Staves
  3514 | D:4      | Reached skill level 5 in Dodging
  3514 | D:4      | Reached XP level 7. HP: 10/47 MP: 6/11
  3536 | D:4      | Reached skill level 5 in Armour
  3536 | D:4      | Reached XP level 8. HP: 8/52 MP: 12/12
  3547 | D:4      | Killed Sigmund
  3547 | D:4      | Reached skill level 7 in Staves
  3658 | D:4      | Slain by an ogre

Vault maps used:
D:1:      erik_arrival_cave_to_civilisation, minmay_tall_x
D:2:      minmay_diamond_boxcup, chequers_ecumenical_altar_simple,
          minmay_rat_hole
D:4:      minivault_24, uniq_sigmund

Skill      XL: |  1  2  3  4  5  6  7  8 |
---------------+-------------------------+-----
Dodging        | 3 5 |  5.6
Staves         | 4 5 6 7 |  7.1
Fighting       | 3 6 |  6.7
Armour         | 1 4 5 |  5.0
Stealth        | 4 |  4.6
Polearms       | 3 |  3.1
Throwing       | 3 |  3.7
Unarmed Combat | 3 |  3.4
Spellcasting   | 3 |  3.0

Action                   |  1- 3 |  4- 6 |  7- 9 || total
-------------------------+-------+-------+-------++-------
Melee: Quarterstaff      |   130 |   166 |    35 ||   331
Throw: Throwing net      |       |       |     3 ||     3
  Use: Scroll            |       |     2 |       ||     2
       Potion            |       |     2 |     6 ||     8
 Stab: Sleeping          |       |     1 |       ||     1
  Eat: Chunk             |     1 |     8 |       ||     9
Armor: Leather armour    |    94 |    65 |    12 ||   171
       Skin              |       |       |     9 ||     9
Dodge: Dodged            |   130 |   134 |    30 ||   294

Table legend:
 A = Spawn XP
 B = Non-spawn XP
 C = Spawn XP percentage of total XP
 D = Spawn monster count
 E = Non-spawn monster count
 F = Spawn count percentage of total count
 G = Total turns spent on level
                    A         B        C        D         E        F      G
               +---------+---------+-------+---------+---------+-------+---------
         Total |       0 |    1054 |   0.0 |       0 |      88 |   0.0 |  3658
               +---------+---------+-------+---------+---------+-------+---------
           D:1 |       0 |      64 |   0.0 |       0 |      39 |   0.0 |  1317
           D:2 |       0 |     117 |   0.0 |       0 |      25 |   0.0 |  1215
           D:3 |       0 |     157 |   0.0 |       0 |      10 |   0.0 |   881
           D:4 |       0 |     716 |   0.0 |       0 |      14 |   0.0 |   245
               +---------+---------+-------+---------+---------+-------+---------
